Map: Efflorescence LE

Players

Edge

  • Race: Terran Terran
  • Spawn Location: 9:00

JebacKeve

  • Race: Protoss Protoss
  • Spawn Location: 6:00

qqq

  • Race: Zerg Zerg
  • Spawn Location: 3:00

Massa

  • Race: Terran Terran
  • League: Platinum
  • Spawn Location: 12:00

VOD

Have the link to the VOD?

Description

Time

  • Played on: Oct. 23, 2020, 4:29 p.m.
  • Length: 5:04
Show
View Real Time Build Order
Export as new Build Order

Edge Terran 

Build Orders:  

Get SALT Encoding   

  12  0:00  SCV  
  13  0:18  Supply Depot  
  13  0:20  SCV  
  14  0:32  SCV  
  15  0:43  Barracks  
  15  0:53  Barracks  
  15  1:05  Barracks  
  15  1:16  Barracks  
  15  1:21  SCV  
  16  1:30  Marine  
  17  1:36  SCV  
  18  1:40  Marine  
  18  1:44  Supply Depot  
  19  1:51  Marine  
  20  1:55  Marine  
  20  1:57  Marine  
  22  2:03  Marine  
  22  2:07  SCV  
  24  2:10  Marine  
  24  2:13  Marine  
  24  2:15  Marine  
  26  2:22  Marine  
  28  2:28  Marine  
  29  2:30  Marine  
  29  2:33  Marine  
  31  2:59  Supply Depot  
  31  3:00  Refinery  
  31  3:12  Command Center  
  31  3:16  Marine  
  31  3:17  Marine  
  28  3:34  Marine  
  28  3:35  Marine x3  
  32  3:52  Marine x2  
  32  3:53  Marine  
  31  4:00  Marine  
  28  4:10  Orbital Command, Marine x3  
  31  4:17  Marine  
  32  4:28  Marine x3  
  35  4:33  Refinery  
  35  4:35  Marine  
  36  4:46  Marine x2  
  36  4:49  SCV  
  36  4:52  Refinery  
Show
View Real Time Build Order
Export as new Build Order

JebacKeve Protoss 

Build Orders:  

Get SALT Encoding   

  12  0:01  Probe  
  13  0:13  Probe  
  14  0:22  Pylon  
  14  0:25  Probe  
  15  0:43  Gateway  
  15  0:48  Gateway  
  15  1:00  Gateway  
  15  1:02  Probe  
  16  1:13  Pylon  
  16  1:20  Pylon  
  16  1:29  Zealot (Chrono Boost)  
  18  1:34  Zealot (Chrono Boost)  
  20  1:49  Zealot x2 (Chrono Boost)  
  24  1:58  Zealot (Chrono Boost)  
  30  2:19  Zealot x2 (Chrono Boost)  
  30  2:20  Zealot (Chrono Boost)  
  32  2:48  Zealot x3  
  28  4:14  Zealot x3  
  22  4:31  Probe  
  22  4:34  Assimilator  
  23  4:39  Cybernetics Core  
  23  4:43  Probe  
  23  4:44  Forge  
  24  4:52  Nexus  
  31  5:03  Assimilator  
Show
View Real Time Build Order
Export as new Build Order

qqq Zerg 

Build Orders: Hatch First 

Get SALT Encoding   

  12  0:01  Drone  
  13  0:08  Drone  
  14  0:37  Hatchery  
  14  0:38  Drone  
  14  0:58  Spawning Pool  
  13  1:06  Overlord  
  13  1:09  Drone  
  14  1:12  Extractor  
  14  1:18  Drone  
  14  1:28  Drone  
  14  1:29  Drone  
  16  1:44  Drone  
  17  1:48  Queen  
  19  2:05  Drone x2  
  19  2:06  Zergling x4  
  23  2:17  Queen  
  23  2:19  Drone  
  27  2:30  Zergling x2  
  27  2:31  Zergling x2  
  27  2:34  Overlord  
  28  2:49  Overlord  
  28  2:50  Zergling x2  
  27  2:58  Zergling x2  
  28  3:01  Overlord  
  26  3:19  Spore Crawler  
  25  3:23  Spine Crawler, Zergling x4  
  26  3:33  Spawning Pool  
  15  3:51  Drone x2  
  15  3:52  Drone  
  15  3:53  Drone x2  
  15  3:54  Drone  
  8  4:25  Drone x2  
  8  4:28  Drone  
  11  4:36  Drone  
  12  4:47  Drone  
  12  4:50  Drone  
Show
View Real Time Build Order
Export as new Build Order

Massa Terran 

Build Orders:  

Get SALT Encoding   

  12  0:00  SCV  
  13  0:12  SCV  
  14  0:18  Supply Depot  
  14  0:24  SCV  
  15  0:40  SCV  
  15  0:41  Barracks  
  16  0:47  Refinery  
  16  0:52  SCV  
  17  1:04  SCV  
  18  1:15  Refinery  
  18  1:16  SCV  
  19  1:28  SCV  
  19  1:29  Marine  
  21  1:36  Supply Depot  
  21  1:44  Orbital Command  
  21  1:48  Factory  
  21  1:50  Marine  
  22  2:12  SCV  
  23  2:20  Barracks Reactor  
  23  2:33  Hellion  
  25  2:38  Starport  
  25  2:44  Barracks  
  25  2:48  Barracks  
  25  2:59  Marine x2  
  25  3:01  Bunker  
  25  3:05  Hellion  
  29  3:17  Marine  
  30  3:27  Hellion  
  29  3:31  Marine  
  29  3:33  Marine  
  25  3:35  Marine x2  
  16  4:25  Marine  
  15  4:38  Supply Depot  
  15  4:39  Supply Depot  
  15  4:49  Factory Tech Lab  
Tags
 
Add a new tag
Caveats
  • Supply blocks, unpowered buildings, or Contaminate may cause inaccurate times.
  • Supply counts are checked every 10 seconds.